 Dungeon Crawl Stone Soup version 0.29-a0-1043-g569b05d6ff (webtiles) character file.

Game seed: 5408038051490836234

244408 Zeldest the Shatterer (level 20, -27/184 HPs)
             Began as a Formicid Delver on Aug 15, 2022.
             Was an Elder of Ashenzari.
             Annihilated by a white ugly thing (35 damage)
             ... on level 13 of the Dungeon.
             The game lasted 01:49:31 (52579 turns).

Zeldest the Shatterer (Formicid Delver)            Turns: 52579, Time: 01:49:31

Health: -27/184    AC: 24    Str: 27    XL:     20   Next: 22%
Magic:  16/20      EV: 18    Int: 18    God:    Ashenzari [****..]
Gold:   618        SH:  0    Dex: 18    Spells: 19/19 levels left

rFire   + . .      SeeInvis +   E - +2 giant spiked club "Prescient Boredom" {Elem, Melee} (curse)
rCold   . . .      Faith    +   (shield currently unavailable)
rNeg    . . .      Spirit   .   T - +0 swamp dragon scales
rPois   +          Reflect  .   (helmet unavailable)
rElec   .          Harm     .   V - +2 cloak
rCorr   +          Rampage  .   U - +2 pair of gloves "Ruined Together" {infuse, Fort, Self} (curse)
Will    +++..      Clarity  +   O - +2 pair of boots "Ordeal of Ashenzari" {Evo, Melee} (curse)
Stlth   +++.......              M - amulet "Nuoxt" {Faith Str+3}
HPRegen 0.40/turn               X - ring "Cryptic Loss" {Drain Will+ rCorr Int+6 Dex+3, Fort, Melee} (curse)
MPRegen 0.17/turn               C - ring of Cremastomancy {rF+, Fort, Melee} (curse)

@: no status effects
A: permanent stasis, dig shafts and tunnels, antennae 3, four strong arms
}: 2/15 runes: decaying, serpentine
a: Dig, Shaft Self, Renounce Religion, Shatter the Chains


You were on level 13 of the Dungeon.
You worshipped Ashenzari.
Ashenzari was greatly pleased with you.
You visited 7 branches of the dungeon, and saw 32 of its levels.
You also visited: Gauntlet and Ice Cave.

You collected 4235 gold pieces.
You spent 3617 gold pieces at shops.

Inventory:

Hand Weapons
 E - the cursed +2 giant spiked club "Prescient Boredom" (weapon) {Elem, Melee}
   (You took it off an ogre on level 7 of the Dungeon)

   It has a curse which improves the following skills: Elements: Fire Magic, Ice
   Magic, Air Magic and Earth Magic.
   Melee Combat: Short Blades, Long Blades, Axes, Maces & Flails, Polearms,
   Staves and Unarmed Combat.
 P - a +5 vampiric giant spiked club
 Z - the +6 arbalest "Damnation" {damnation}
   (You found it on level 4 of the Snake Pit)

   Any ammunition fired from it explodes in a burst of damnation on striking a
   foe, dealing damage which bypasses armour.
Missiles
 t - a throwing net
Armour
 I - +2 ice dragon scales
 O - the cursed +2 pair of boots "Ordeal of Ashenzari" (worn) {Evo, Melee}
   (You found it on level 4 of the Lair of Beasts)

   It has a curse which improves the following skills: Evocations: Evocations.
   Melee Combat: Short Blades, Long Blades, Axes, Maces & Flails, Polearms,
   Staves and Unarmed Combat.
 T - +0 swamp dragon scales (worn)
 U - the cursed +2 pair of gloves "Ruined Together" (worn) {infuse, Fort, Self}
   (You found it on level 3 of the Swamp)

   It has a curse which improves the following skills: Fortitude: Armour and
   Shields.
   Introspection: Fighting and Spellcasting.
 V - a +2 cloak (worn)
Jewellery
 j - a ring of wizardry
 q - an amulet of magic regeneration
 s - a +4 ring of protection
 x - a ring of resist corrosion
 A - a ring of flight
 C - the cursed ring of Cremastomancy (right hand) {rF+, Fort, Melee}
   (You found it on level 6 of the Dungeon)

   [ring of protection from fire]

   rF:        It protects you from fire.
   It has a curse which improves the following skills: Fortitude: Armour and
   Shields.
   Melee Combat: Short Blades, Long Blades, Axes, Maces & Flails, Polearms,
   Staves and Unarmed Combat.
 D - a ring of willpower
 L - a ring of willpower
 M - the amulet "Nuoxt" (around neck) {Faith Str+3}
   (You took it off a minotaur in a Gauntlet)

   [amulet of faith]

   It allows you to gain divine favour quickly.
   Str:       It affects your strength (+3).
 N - a ring of poison resistance
 X - the cursed ring "Cryptic Loss" (left hand) {Drain Will+ rCorr Int+6 Dex+3, Fort, Melee}
   (You acquired it on level 1 of the Snake Pit)

   [ring of intelligence]

   Int:       It affects your intelligence (+6).
   Dex:       It affects your dexterity (+3).
   rCorr:     It protects you from acid and corrosion.
   Drain:     It drains your maximum health when unequipped.
   Will:      It increases your willpower.
   It has a curse which improves the following skills: Fortitude: Armour and
   Shields.
   Melee Combat: Short Blades, Long Blades, Axes, Maces & Flails, Polearms,
   Staves and Unarmed Combat.
Wands
 b - a wand of mindburst (26)
 f - a wand of digging (9)
 l - a wand of polymorph (7)
 n - a wand of light (10)
 p - a wand of roots (15)
 y - a wand of charming (49)
 B - a wand of flame (65)
Scrolls
 c - a scroll of fog
 e - 5 scrolls of fear
 h - 2 scrolls of silence
 i - 2 scrolls of poison
 o - 5 scrolls of enchant armour
 v - 4 scrolls of amnesia
 w - 7 scrolls of noise
 H - a scroll of immolation
 J - 3 scrolls of butterflies
 K - a scroll of torment
 S - a scroll of magic mapping
 W - a scroll of summoning
Potions
 a - 2 potions of flight
 d - 4 potions of brilliance
 g - a potion of might
 k - 3 potions of curing
 m - a potion of magic
 r - 4 potions of heal wounds
 u - 3 potions of ambrosia
 z - 4 potions of mutation
 G - 3 potions of cancellation
 R - 2 potions of lignification
 Y - a potion of attraction
Miscellaneous
 F - a phial of floods
 Q - a lightning rod (4/4)


   Skills:
 + Level 21.0(22.7) Fighting
 + Level 21.4(25.7) Maces & Flails
 + Level 14.7(18.5) Armour
 + Level 11.3 Dodging
 - Level 6.0 Stealth
 + Level 9.2(11.2) Evocations


You had 19 spell levels left.
You didn't know any spells.
Your spell library contained the following spells:

 Spells                   Type           Power      Damage    Failure   Level
 Foxfire                  Conj/Fire      0%         2x1d4     26%         1
 Beastly Appendage        Tmut           0%         N/A       28%         1
 Magic Dart               Conj           0%         1d3       28%         1
 Ensorcelled Hibernation  Hex/Ice        0%         N/A       36%         2
 Poisonous Vapours        Pois/Air       0%         N/A       36%         2
 Static Discharge         Conj/Air       0%         3-3/arc   36%         2
 Call Imp                 Summ           0%         N/A       38%         2
 Wereblood                Tmut           0%         N/A       38%         2
 Conjure Flame            Conj/Fire      0%         6-21      61%         3
 Inner Flame              Hex/Fire       0%         N/A       61%         3
 Stone Arrow              Conj/Erth      0%         3d7       61%         3
 Gell's Gravitas          Tloc           0%         N/A       63%         3
 Ignite Poison            Fire/Tmut/Pois 0%         N/A       63%         3
 Lesser Beckoning         Tloc           0%         N/A       63%         3
 Mephitic Cloud           Conj/Pois/Air  0%         N/A       63%         3
 Portal Projectile        Hex/Tloc       0%         N/A       63%         3
 Spider Form              Tmut/Pois      0%         N/A       63%         3
 Teleport Other           Tloc           0%         N/A       63%         3
 Tukima's Dance           Hex            0%         N/A       63%         3
 Anguish                  Hex/Necr       0%         N/A       95%         4
 Animate Armour           Summ/Erth      0%         N/A       95%         4
 Cause Fear               Hex            0%         N/A       95%         4
 Corpse Rot               Necr/Pois/Air  0%         N/A       95%         4
 Dispel Undead            Necr           0%         3d6       95%         4
 Flame Wave               Conj/Fire      0%         2d4       95%         4
 Sticky Flame             Conj/Fire      0%         2d3       95%         4
 Blade Hands              Tmut           0%         N/A       100%        5
 Fireball                 Conj/Fire      0%         3d3       100%        5
 Iskenderun's Battlesphe  Conj           0%         2d6       100%        5
 Manifold Assault         Tloc           0%         N/A       100%        5
 Conjure Ball Lightning   Conj/Air       0%         3x3d6     100%        6
 Dispersal                Tloc           0%         N/A       100%        6
 Orb of Destruction       Conj           0%         9d5       100%        7
 Discord                  Hex            0%         N/A       100%        8
 Lehudib's Crystal Spear  Conj/Erth      0%         10d2      100%        8
 Blink                    Tloc           Unusable   N/A       N/A         2

Dungeon Overview and Level Annotations

Branches:
Dungeon (15/15)            Temple (1/1) D:6            Lair (5/5) D:8
  Swamp (4/4) Lair:3        Snake (4/4) Lair:3        Slime (0/5) Lair:4
    Orc (2/2) D:11            Elf (0/3) Orc:2        Vaults (1/5) D:13
 Depths (0/4) D:15          IceCv (visited)         Gauntlet (visited)

Altars:
Ashenzari
Cheibriados
Dithmenos
Elyvilon
Fedhas
Gozag
Hepliaklqana
Kikubaaqudgha
Makhleb
Nemelex Xobeh
Okawaru
Qazlal
Ru
Sif Muna
Trog
Uskayaw
Vehumet
Wu Jian
Xom
Yredelemnul
Zin
The Shining One

Shops:
D:3 [   D:4 (   Orc:2 [:?[!*((   Snake:1 ***[   Snake:2 =

Portals:
Pandemonium: Orc:2

Annotations:
D:12 2 runed translucent doors, Adrian566's ghost, journeyman DsFi
Lair:4 1 runed translucent door, exclusion: 4 oklob plants
Lair:5 exclusion: oklob plant
Swamp:1 Roxanne


Innate Abilities, Weirdness & Mutations

You cannot be hasted, slowed, berserked, paralysed or teleported.
You can dig through walls and to a lower floor.
You have a pair of large antennae on your head. (SInv)
Your four strong arms can wield two-handed weapons with a shield.


Message History

There is a gate leading back out of this place here.
The white ugly thing gores you but does no damage.
The white ugly thing basks in the mutagenic energy from its kin and changes!
The ironbound convoker casts a spell at the white ugly thing.
The white ugly thing seems to grow stronger.
You go up through the gate.
Welcome back to the Dungeon!
There is a gate to the Vaults here.
You closely miss the white very ugly thing.
You flatten the white very ugly thing like a pancake!!!
The white very ugly thing is heavily wounded.
The white very ugly thing tail-slaps you but does no damage.
The white ugly thing gores you but does no damage.
You impale the white very ugly thing!!
The white very ugly thing is almost dead.
The white very ugly thing tail-slaps you!
The white very ugly thing freezes you!!!
The white ugly thing gores you. The white ugly thing freezes you!
You closely miss the white very ugly thing.
The white very ugly thing is almost dead.
You hit the white very ugly thing but do no damage.
The white very ugly thing is almost dead.
The white very ugly thing tail-slaps you!
The white very ugly thing freezes you!!
The white ugly thing closely misses you.
You closely miss the white very ugly thing.
The white very ugly thing is almost dead.
The white very ugly thing tail-slaps you!
* * * LOW HITPOINT WARNING * * *
The white very ugly thing freezes you!!!
* * * LOW HITPOINT WARNING * * *
The white ugly thing gores you but does no damage.
You barely miss the white very ugly thing.
The white very ugly thing is almost dead.
The white very ugly thing basks in the mutagenic energy from its kin and changes!
You perforate the purple very ugly thing like a sieve!!!
You kill the purple very ugly thing!
The white ugly thing gores you.
* * * LOW HITPOINT WARNING * * *
The white ugly thing freezes you!!
You die...

.# #.# #######.#.[#.####### .#
#># ##..................# .#
#.#######...................
.#####.#######.#####.#.[#.#####.#
>..............#.#..........#.#.#
##.###.#########..##.#..#.##..#.#
!..###.#########.#.#.#..#.#.#.#.#
...###.## #...##..#.##..##.#..#.#
.......####...##@u...#..#.....#.#
######........########..#######.#
######..###...##### #....### #.#
#...##..###...## #......######
#...##.<...##..# #....#......#
..........####.# #....#......#
#######...####.######.##.#......#
.......................#.#.######
###..#.......#########...#.###..#


You could see a white ugly thing.

Vanquished Creatures
  Vashnia (Snake:4)
  Jorgrun (Swamp:3)
  An Ice Fiend (IceCv)
  Frances (D:12)
  Kirke (D:13)
  Agnes (D:15)
  3 thorn hunters
  The ghost of Ziutun the Nimble, an adept GnGl of Nemelex Xobeh (Swamp:3)
  10 nagarajas (Snake:4)
  2 fenstrider witches (Swamp:3)
  Louise (Snake:3)
  2 ghouls (Swamp:2)
  4 very ugly things
  5 eleionomae
  Snorg (D:11)
  5 bunyips
  A minotaur (Gauntlet)
  2 green deaths (Swamp:4)
  A fire dragon (Lair:5)
  2 shambling mangroves
  2 rakshasas (D:15)
  A salamander tyrant (Snake:2)
  Harold (D:9)
  4 boulder beetles
  15 hydras
  An ogre mage (D:13)
  2 ghost crabs
  A caustic shrike simulacrum (IceCv)
  An anaconda (shapeshifter) (D:14)
  A hell beast (Swamp:4)
  A demonspawn (Orc:2)
  11 naga warriors
  5 anacondas
  8 two-headed ogres
  5 centaur warriors
  9 alligators
  12 death yaks
  5 orc high priests (Orc:2)
  A thrashing horror (Swamp:4)
  15 naga sharpshooters
  3 shock serpents
  Nergalle (D:12)
  A soul eater (Orc:2)
  19 spriggans
  4 salamander mystics
  A spectral bunyip (Swamp:3)
  A skeletal warrior (D:13)
  A death drake (Gauntlet)
  A glowing orange brain (D:15)
  Lodul (D:12)
  5 goliath frogs
  A spectral hydra (Swamp:3)
  2 obsidian statues (IceCv)
  4 spriggan druids
  4 naga ritualists
  7 orc knights
  5 lindwurms
  10 swamp dragons
  7 mana vipers
  17 bog bodies
  A large abomination (Swamp:4)
  A necromancer (Gauntlet)
  5 will-o-the-wisps
  9 orc sorcerers
  15 salamanders
  An oklob plant (Snake:2)
  4 cyclopes
  18 ugly things
  4 guardian serpents
  3 manticores
  A spectral centaur (Gauntlet)
  7 elephants (Lair:1)
  Maurice (D:11)
  16 naga magi
  Joseph (D:8)
  3 molten gargoyles (Lair:5)
  31 black mambas
  2 unseen horrors
  2 gargoyles
  3 orange demons (Swamp:4)
  4 cane toads
  An unseen horror (shapeshifter) (D:12)
  4 centaur skeletons (D:13)
  11 komodo dragons
  Maggie (D:8)
  2 rime drakes (Lair:5)
  A rime drake (shapeshifter) (D:15)
  4 freezing wraiths (IceCv)
  2 kobold demonologists
  A merfolk (shapeshifter) (D:15)
  A golden dragon simulacrum (IceCv)
  A red devil (Orc:2)
  4 trolls
  2 ice devils
  A polar bear (Lair:4)
  3 bloated husks
  A meliai (shapeshifter) (D:14)
  17 tyrant leeches
  19 hornets
  32 slime creatures
  5 dream sheep (Lair:5)
  A wraith (D:11)
  2 shadows
  7 wyverns
  4 hogs (D:13)
  6 fire bats
  39 yaks
  2 vampires
  A steam dragon (Lair:5)
  8 basilisks
  A fire elemental (Lair:2)
  A minotaur simulacrum (IceCv)
  A small abomination (Swamp:4)
  3 vampire mosquitoes
  4 wargs
  56 nagas
  Edmund (D:6)
  A spriggan simulacrum (Swamp:3)
  14 swamp worms
  4 acid dragons
  7 water moccasins
  4 hell hounds (Lair:5)
  A floating eye (shapeshifter) (D:13)
  5 hydra simulacra (IceCv)
  27 orc warriors
  4 swamp drakes
  4 ettin simulacra (IceCv)
  6 sky beasts
  3 black bears
  21 wolves
  A boggart (D:13)
  12 ogres
  7 centaurs
  5 kobold brigands
  A necrophage (D:2)
  A scorpion (D:6)
  Blork the orc (D:4)
  7 bullfrogs
  A gnoll sergeant (D:11)
  A deep troll simulacrum (IceCv)
  A hornet simulacrum (D:14)
  6 wights
  A lindwurm simulacrum (IceCv)
  4 electric eels
  7 howler monkeys
  A crimson imp (D:10)
  5 lava snakes (Lair:5)
  3 hounds
  2 gnoll boudas
  23 orc priests
  2 jellies
  An iron imp (D:15)
  5 iguanas
  21 orc wizards
  6 hell rats (Lair:1)
  Robin (D:3)
  28 gnolls
  7 river rats (Lair:1)
  8 adders
  4 white imps
  An adder zombie (D:2)
  An adder skeleton (D:2)
  A dart slug (D:3)
  62 orcs
  7 endoplasms
  3 giant cockroaches
  17 goblins
  11 hobgoblins
  7 jackals (D:3)
  5 quokkas
  10 ball pythons
  2 ball python skeletons (D:2)
  11 bats
  A frilled lizard (D:2)
  A jackal skeleton (D:2)
  12 kobolds
  2 quokka zombies (D:2)
  12 rats
1064 creatures vanquished.

Vanquished Creatures (collateral kills)
  A great orb of eyes (Swamp:4)
  A hell beast (Swamp:4)
  A naga mage (Snake:3)
  2 centaur zombies (Gauntlet)
  A slime creature (Swamp:4)
  A spectral meliai (Gauntlet)
7 creatures vanquished.

Vanquished Creatures (others)
  A shock serpent (Snake:3)
  A swamp dragon (Swamp:4)
  2 bloated husks
  A slime creature (Swamp:4)
  A yak (Lair:2)
  A naga (Snake:3)
  A swamp drake (Swamp:1)
  An orc (D:13)
  32 foxfires
  24 fungi
  34 plants
  25 withered plants (Gauntlet)
124 creatures vanquished.

Grand Total: 1195 creatures vanquished

Notes
Turn   | Place    | Note
-------+----------+-------------------------------------------
     0 | D:5      | Zeldest the Formicid Delver began the quest for the Orb.
     0 | D:5      | Reached XP level 1. HP: 18/18 MP: 1/1
    18 | D:5      | Noticed a jelly
   111 | D:2      | Reached XP level 2. HP: 16/24 MP: 2/2
   271 | D:2      | Noticed a necrophage
   283 | D:2      | Killed a necrophage
   284 | D:2      | Reached skill level 1 in Armour
   284 | D:2      | Reached XP level 3. HP: 22/30 MP: 3/3
   284 | D:2      | Reached XP level 4. HP: 27/37 MP: 4/4
   591 | D:1      | Reached XP level 5. HP: 42/42 MP: 5/5
  1255 | D:2      | Found a sparkling altar of Nemelex Xobeh.
  1694 | D:3      | Found Anefef's Antique Armour Emporium.
  1919 | D:3      | Reached XP level 6. HP: 49/49 MP: 6/6
  2023 | D:3      | Noticed Robin
  2064 | D:3      | Killed Robin
  2502 | D:4      | Identified the +4 trident of Impermanence {vamp, +Blink
                  | rPois rC+ Stlth+}
  3037 | D:4      | Found Nilump's Firing Range.
  3289 | D:4      | Noticed Blork the orc
  3299 | D:4      | Killed Blork the orc
  3300 | D:4      | Reached skill level 5 in Maces & Flails
  3300 | D:4      | Reached XP level 7. HP: 26/55 MP: 7/7
  3302 | D:4      | Reached skill level 5 in Fighting
  4060 | D:5      | Noticed a water moccasin
  4070 | D:5      | Killed a water moccasin
  4190 | D:5      | Reached XP level 8. HP: 42/63 MP: 8/8
  4694 | D:6      | Found a staircase to the Ecumenical Temple.
  4717 | Temple   | Entered the Ecumenical Temple
  4851 | Temple   | Became a worshipper of Ashenzari the Shackled
  5030 | D:6      | Reached skill level 5 in Armour
  5159 | D:6      | Noticed a yak
  5198 | D:6      | Killed a yak
  5419 | D:6      | Noticed a yak
  5420 | D:6      | Noticed a yak
  5420 | D:6      | Noticed a yak
  5490 | D:6      | Found an iron altar of Okawaru.
  5491 | D:6      | Found an opulent altar of Gozag.
  5493 | D:6      | Found a bloodstained altar of Trog.
  5493 | D:6      | Found a stormy altar of Qazlal.
  5533 | D:6      | Noticed Edmund
  5545 | D:6      | Killed Edmund
  5546 | D:6      | Reached XP level 9. HP: 50/70 MP: 9/9
  6685 | D:7      | Identified a scroll of acquirement
  7101 | D:8      | Reached * piety under Ashenzari
  7130 | D:8      | Reached XP level 10. HP: 72/80 MP: 10/10
  7401 | D:8      | Reached skill level 10 in Maces & Flails
  7735 | D:8      | Found a staircase to the Lair.
  7869 | D:8      | Identified the +0 buckler of the Playwright {+Blink rF+}
  7939 | D:8      | Noticed Joseph
  7939 | D:8      | Noticed Maggie
  7961 | D:8      | Killed Joseph
  7964 | D:8      | Killed Maggie
  8128 | D:8      | Reached ** piety under Ashenzari
  8604 | D:9      | Noticed a two-headed ogre
  8614 | D:9      | Killed a two-headed ogre
  8939 | D:9      | Reached XP level 11. HP: 60/90 MP: 11/11
  9528 | D:10     | Entered Level 10 of the Dungeon
  9533 | D:10     | Noticed Harold
  9829 | D:9      | Killed Harold
  9830 | D:9      | Reached skill level 10 in Fighting
 10422 | D:10     | Noticed a two-headed ogre
 10428 | D:10     | Killed a two-headed ogre
 11379 | Lair:1   | Entered Level 1 of the Lair of Beasts
 12095 | Lair:1   | Noticed an elephant
 12115 | Lair:1   | Killed an elephant
 12116 | Lair:1   | Reached XP level 12. HP: 64/99 MP: 12/12
 12818 | Lair:2   | Noticed an eight-headed hydra
 12825 | Lair:2   | Killed an eight-headed hydra
 13001 | Lair:2   | Noticed a death yak
 13016 | Lair:2   | Noticed a death yak
 13017 | Lair:2   | Noticed a death yak
 13019 | Lair:2   | Noticed a death yak
 13023 | Lair:2   | Killed a death yak
 13026 | Lair:2   | Killed a death yak
 13027 | Lair:2   | Reached skill level 15 in Maces & Flails
 13028 | Lair:2   | Killed a death yak
 13033 | Lair:2   | Killed a death yak
 13726 | Lair:2   | Reached *** piety under Ashenzari
 14137 | Lair:3   | Found a staircase to the Snake Pit.
 14440 | Lair:3   | Reached XP level 13. HP: 100/104 MP: 13/13
 14802 | Lair:3   | Found a staircase to the Swamp.
 14992 | Lair:4   | Identified the +6 trident of Xihiez {pain, Str+6 Stlth+}
 15185 | Lair:4   | Found a gate leading to a gauntlet.
 15194 | Gauntlet | Entered a Gauntlet
 15194 | Gauntlet | Identified the +2 pair of gloves of an ossuary {rElec rPois
                  | Dex+6}
 15194 | Gauntlet | Found a transporter.
 15194 | Gauntlet | Found a transporter.
 15195 | Gauntlet | Found a transporter.
 15198 | Gauntlet | Found a transporter.
 15198 | Gauntlet | Found a transporter.
 15208 | Gauntlet | Identified the +3 barding of the Evening {Harm Str+6}
 15214 | Gauntlet | Found a transporter.
 15214 | Gauntlet | Found a transporter.
 15221 | Gauntlet | Found a transporter.
 15229 | Gauntlet | Found a transporter.
 15246 | Gauntlet | Found a transporter.
 15254 | Gauntlet | Found a transporter.
 15271 | Gauntlet | Found a transporter.
 15327 | Gauntlet | Identified the +1 pair of boots of Brilliance {rPois rC-
                  | Int+9 Dex+4}
 15842 | Gauntlet | Identified the +10 dagger "Gurrifav" {speed, Fly rN+ Will-
                  | Dex+3}
 15842 | Gauntlet | Identified the amulet "Nuoxt" {Faith Str+3}
 15842 | Gauntlet | Noticed a minotaur
 15849 | Gauntlet | Killed a minotaur
 16009 | Lair:4   | Found a runed translucent door.
 16010 | Lair:4   | Found a staircase to the Slime Pits.
 17279 | Lair:5   | Entered Level 5 of the Lair of Beasts
 17465 | Lair:5   | Reached XP level 14. HP: 88/124 MP: 14/14
 19025 | Lair:5   | Reached skill level 15 in Fighting
 19655 | Lair:5   | Found a large runed translucent door.
 19655 | Lair:5   | Found a large runed translucent door.
 20347 | Lair:3   | Identified the +9 great sword of Propriety {freeze, rF+
                  | rC+}
 20352 | Lair:3   | Identified the +4 dagger of Gucytur {venom, rC+}
 20352 | Lair:3   | Identified the Incunable of Battle Magic
 20708 | D:11     | Found a staircase to the Orcish Mines.
 21172 | Orc:1    | Entered Level 1 of the Orcish Mines
 21172 | Orc:1    | Noticed Snorg
 21182 | D:11     | Killed Snorg
 21278 | Orc:1    | Noticed Sonja
 21279 | Orc:1    | Noticed Maurice
 21604 | D:11     | Noticed Sonja
 21604 | D:11     | Sonja changed into Sonja the hound
 21605 | D:11     | Killed Sonja the hound
 22118 | D:11     | Killed Maurice
 22530 | Orc:2    | Entered Level 2 of the Orcish Mines
 22935 | Orc:2    | Reached XP level 15. HP: 131/132 MP: 15/15
 23202 | Orc:2    | Found Mil Cuts's Weapon Shop.
 23425 | Orc:2    | Found Fithid's Distillery.
 23426 | Orc:2    | Found Pitoliol's Magic Scroll Shoppe.
 23750 | Orc:2    | Found Ficzum's Antique Armour Boutique.
 23750 | Orc:2    | Found Zoyssath's Book Shop.
 23751 | Orc:2    | Found a one-way gate leading to the halls of Pandemonium.
 24072 | Orc:2    | Found Byogh's Assorted Antiques.
 24087 | Orc:2    | Found a staircase to the Elven Halls.
 24126 | Orc:2    | Found Sofegext's Antique Weapon Shop.
 24303 | Orc:2    | Found Lovviutz's Antique Armour Emporium.
 24315 | Orc:2    | Bought spiked steam dragon scales for 810 gold pieces
 24315 | Orc:2    | Identified the +3 steam dragon scales of the Chupacabra
                  | {Stlth+} (You bought it in a shop on level 2 of the Orcish
                  | Mines)
 24836 | D:11     | Acquired 1149 gold pieces
 24865 | D:12     | Noticed Lodul
 25242 | D:12     | Killed Lodul
 25433 | D:12     | Found a runed translucent door.
 25440 | D:12     | Noticed a lich
 25442 | D:12     | Found a runed translucent door.
 25476 | D:12     | Noticed Frances
 25725 | D:12     | Killed Frances
 25838 | D:12     | Noticed Adrian566's ghost (journeyman DsFi)
 25846 | D:12     | Identified the +3 war axe "Foat Fao" {distort, *Noise
                  | +Blink rN+ Dex+4}
 26021 | D:12     | Noticed Nergalle
 26027 | D:12     | Killed Nergalle
 26284 | D:12     | Noticed a ghost moth
 26284 | D:12     | an entropy weaver changed into a ghost moth
 27251 | D:13     | Reached skill level 5 in Dodging
 27872 | D:13     | Noticed Kirke
 27884 | D:13     | Reached XP level 16. HP: 139/147 MP: 16/16
 27909 | D:13     | Killed Kirke
 28493 | D:13     | Found a gate to the Vaults.
 29206 | D:14     | Found a stormy altar of Qazlal.
 29916 | D:15     | Entered Level 15 of the Dungeon
 29938 | D:15     | Reached skill level 10 in Armour
 30391 | D:15     | Found a snail-covered altar of Cheibriados.
 31007 | D:15     | Found a staircase to the Depths.
 31771 | D:15     | Noticed Agnes
 31783 | D:15     | HP: 3/144 [Agnes/+0 lajatang (24)]
 31789 | D:15     | Killed Agnes
 32488 | Swamp:1  | Entered Level 1 of the Swamp
 32488 | Swamp:1  | Identified Roxanne's Lectures on Metal
 32488 | Swamp:1  | Noticed Roxanne
 33559 | Swamp:1  | Reached XP level 17. HP: 99/156 MP: 17/17
 35792 | Swamp:2  | Noticed a thorn hunter
 35805 | Swamp:2  | Killed a thorn hunter
 36515 | Swamp:2  | Reached skill level 1 in Evocations
 37922 | Swamp:3  | Noticed a thorn hunter
 37936 | Swamp:3  | Found a transporter.
 38035 | Swamp:3  | Killed a thorn hunter
 38434 | Swamp:3  | Found a transporter.
 38435 | Swamp:3  | Noticed Jorgrun
 38438 | Swamp:3  | Noticed Ziutun's ghost (adept GnGl)
 38450 | Swamp:3  | Killed Jorgrun
 38466 | Swamp:3  | Reached XP level 18. HP: 35/166 MP: 18/18
 39106 | Swamp:3  | Killed Ziutun's ghost
 39592 | Swamp:4  | Entered Level 4 of the Swamp
 41286 | Swamp:4  | Reached skill level 5 in Evocations
 42863 | Swamp:4  | Got a decaying rune of Zot
 43754 | Snake:1  | Entered Level 1 of the Snake Pit
 44160 | Snake:1  | Found Tiquxisk's Assorted Antiques.
 44162 | Snake:1  | Found Osoonnoy's Antique Armour Shop.
 44162 | Snake:1  | Found Gaeblyqi's General Store.
 44167 | Snake:1  | Found Juydo's Assorted Antiques.
 44170 | Snake:1  | Bought a pair of fine boots for 294 gold pieces
 44170 | Snake:1  | Identified the +2 pair of boots "Tuwkuel" {+Blink Dex+2}
                  | (You bought it in a shop on level 1 of the Snake Pit)
 44170 | Snake:1  | Bought an ichor-stained cloak for 294 gold pieces
 44170 | Snake:1  | Identified the +0 cloak "Apruwk" {Harm rC+ Int+4 Dex+4}
                  | (You bought it in a shop on level 1 of the Snake Pit)
 44204 | Snake:1  | Bought a scroll of acquirement for 1872 gold pieces
 44204 | Snake:1  | Acquired the ring "Kyotyste" {Drain Will+ rCorr Int+6
                  | Dex+3}
 44232 | Snake:1  | Bought a potion of heal wounds for 100 gold pieces
 44235 | Snake:1  | Bought a scroll of magic mapping for 247 gold pieces
 44533 | Snake:1  | Reached skill level 10 in Dodging
 45262 | Snake:2  | Found Ineip's Jewellery Emporium.
 45289 | Snake:2  | Reached XP level 19. HP: 124/169 MP: 14/19
 45799 | Snake:2  | Found a broken altar of Ashenzari.
 46822 | Snake:3  | Noticed Louise
 46834 | Snake:3  | Found a frozen archway.
 46854 | IceCv    | Entered an ice cave
 47565 | IceCv    | Noticed an Ice Fiend
 47572 | IceCv    | Killed an Ice Fiend
 48354 | Snake:3  | Killed Louise
 49015 | Snake:4  | Entered Level 4 of the Snake Pit
 49019 | Snake:4  | Found the +6 arbalest "Damnation" {damnation}
 49948 | Snake:4  | Noticed Vashnia
 49981 | Snake:4  | Killed Vashnia
 50998 | Snake:4  | Reached **** piety under Ashenzari
 51384 | Snake:4  | Reached XP level 20. HP: 149/184 MP: 0/20
 52162 | Snake:4  | Got a serpentine rune of Zot
 52569 | Vaults:1 | Entered Level 1 of the Vaults
 52577 | D:13     | HP: 9/184 [white very ugly thing (44)]
 52579 | D:13     | Annihilated by a white ugly thing

Illustrated notes

Levels and vault maps discovered:
D:1:      beargit_arrival_diablo_church, layout_basic, roderic_nine_men_s_morris
D:2:      layout_basic, serial_undead, serial_undead_e, serial_undead_c,
          serial_undead_b, serial_undead_f, serial_undead_c, serial_undead_f,
          serial_undead_f, basic_altar, minmay_randomly_rotated_circles
D:3:      layout_loops_cross, serial_shops, nicolae_shop_trees,
          minmay_misc_feat_ornament, serial_bayou_ford_a,
          kennysheep_generic_room_9, uniq_robin
D:4:      wander_river, layout_loops_corners, amcnicky_mini_corridor_feature,
          minmay_misc_feat_square, minivault_11, nicolae_shop_firing_range,
          uniq_blork_the_orc
D:5:      layout_basic
D:6:      layout_rooms, chequers_temple_overflow_statue_of_worship,
          minmay_temple_entry_trees, uniq_edmund
D:7:      layout_cave_pools, nrook_pool_corridor
D:8:      layout_basic, erik_lair_orcish_takeover, water_boxes_lemuel,
          uniq_joseph, uniq_maggie
D:9:      layout_loops_ring, small_statue_intersection, minivault_23
D:10:     layout_gridville, minmay_fire_ice_demons, uniq_harold
D:11:     layout_long_grid, orc_0_dummy
D:12:     layout_basic, muffindrake_ghost_dual_entry, skrybe_limestone_x,
          uniq_frances, uniq_lodul, uniq_nergalle
D:13:     minmay_curly_fans, layout_basic,
          hangedman_vaults_entry_quadrant_bands, serial_curves, eino_curves_01,
          eino_curves_03, minmay_misc_feat_hallway, uniq_kirke
D:14:     layout_gridville, grunt_decor_cap, grunt_qazlal_clouds
D:15:     gammafunk_enter_depths_forms, layout_rooms, fountainhead,
          slow_altar_2, uniq_agnes
Temple:   regret_index_temple_chain_breaker
Lair:1:   layout_gridlike, chequers_serial_rivers_micro_a,
          kennysheep_abandoned_house
Lair:2:   layout_gridlike
Lair:3:   layout_chaotic_city, skrybe_swamp_entry_bodies, dummy_snake_entry,
          grunt_forest_small_clearings, minmay_lindwurm_lava,
          infiniplex_staircase_pool
Lair:4:   dpeg_oklob_gauntlet, layout_hall_layers, slime_entry_2,
          gauntlet_entry_generic
Lair:5:   cheibrodos_lair_end_hotspot, layout_regular_city, wad_woods_river_03,
          minmay_lair_oklob_bushes
Swamp:1:  layout_basic_swamp, evilmike_swamp_ruin_house_5, swamp_pool2,
          st_swamp_ruins_2, uniq_roxanne
Swamp:2:  nzn_winding_woodlands_medium [nzn_winding_woodlands_5x5_default,
          nzn_winding_woodlands_5x15_default, nzn_winding_woodlands_5x5_default,
          nzn_winding_woodlands_5x5_cross,
          nzn_winding_woodlands_center_diamonds,
          nzn_winding_woodlands_5x5_closed_star,
          nzn_winding_woodlands_hourglass,
          nzn_winding_woodlands_5x15_concentric,
          nzn_winding_woodlands_5x5_perimeter], layout_basic_swamp,
          evilmike_swamp_ruin_house_4, swamp_pool4
Swamp:3:  layout_falls_marsh, gammafunk_ghost_mausoleum,
          evilmike_swamp_ruin_house_1, uniq_jorgrun
Swamp:4:  swamp_vile, layout_basic_swamp
Snake:1:  layout_grid_maze, nicolae_large_snake_swirl, grunt_megastairs_3,
          serial_bayou_shore_b, minmay_shoptagon, lemuel_fruit_tree
Snake:2:  layout_basic, serial_shops, shop, lemuel_oklob_altar
Snake:3:  layout_onion, portal_ice_cave_entry_pillars_four, uniq_louise
Snake:4:  minmay_snake_end_coiled, layout_cave_town, grunt_ministairs_6,
          nicolae_snake_guarding_the_ruins, serial_bayou_shore_b,
          serial_bayou_shore_b, uniq_vashnia
Orc:1:    layout_caves, uniq_snorg, uniq_maurice, uniq_sonja
Orc:2:    pf_orc_diabolical, layout_caves, serial_shops,
          nicolae_shop_bloodbath_and_beyond, nicolae_shop_crystal,
          nicolae_shop_hallway_stairs, nicolae_shop_stone,
          nicolae_orc_bridge_out
Vaults:1: infiniplex_enter_wizlab_glasses, st_lattice, ontoclasm_vaults_bender,
          v_rooms_5, nicolae_vaults_shelves_hall, v_misc_8,
          nicolae_vaults_network_s, vaults_room_grid, v_pattern_5,
          hangedman_vaults_hat, vaults_dpeg_ring, nicolae_vaults_hallways_thing,
          vaults_standard_mumra_enter_the_diamond, ontoclasm_vaults_tryst,
          nicolae_vaults_mini_display_case, nicolae_vaults_little_ls,
          layout_vaults_maze_snakey, uniq_nikola, uniq_saint_roka, uniq_asterion

Skill      XL: |  1  2  3  4  5  6  7  8  9 10 11 12 13 14 15 16 17 18 19 20 |
---------------+-------------------------------------------------------------+-----
Maces & Flails | 3 4 5 6 7 9 11 13 15 17 18 19 20 21 | 21.4
Armour         | 1 2 3 4 5 6 7 9 11 12 13 14 | 14.7
Fighting       | 4 5 6 7 9 11 12 14 17 18 19 20 21 | 21.0
Dodging        | 2 5 7 8 10 11 | 11.3
Evocations     | 3 6 8 9 |  9.2
Stealth        | |  6.0

Action                   |  1- 3 |  4- 6 |  7- 9 | 10-12 | 13-15 | 16-18 | 19-21 || total
-------------------------+-------+-------+-------+-------+-------+-------+-------++-------
Melee: Flail             |    24 |   295 |   272 |       |       |       |       ||   591
       Punch             |       |     4 |     5 |       |       |       |       ||     9
       Trident           |       |       |     6 |       |       |       |       ||     6
       Dire flail        |       |       |    42 |       |       |       |       ||    42
       Giant spiked club |       |       |    12 |   432 |   855 |  1100 |   523 ||  2922
Invok: Curse Item        |       |       |     1 |     2 |     2 |       |     2 ||     7
       Shatter the Chain |       |       |       |       |     1 |     1 |       ||     2
 Abil: Dig               |     1 |     1 |     2 |     7 |    10 |     6 |     7 ||    34
Evoke: Wand              |       |       |     1 |     2 |     7 |    10 |     8 ||    28
       Lightning rod     |       |       |       |       |       |     4 |       ||     4
  Use: Scroll            |     2 |       |    17 |       |     4 |     9 |     6 ||    38
       Potion            |     2 |     1 |     1 |     4 |     7 |     8 |     4 ||    27
 Stab: Sleeping          |     2 |     3 |       |       |       |     7 |     2 ||    14
       Invisible         |       |       |       |     2 |     2 |       |       ||     4
       Confused          |       |       |       |       |       |     2 |       ||     2
       Distracted        |       |       |       |       |       |       |     4 ||     4
Armor: Leather armour    |     9 |     6 |       |       |       |       |       ||    15
       Plate armour      |       |   251 |   219 |   332 |   477 |   287 |       ||  1566
       Swamp dragon scal |       |       |       |       |       |   224 |   139 ||   363
       Ice dragon scales |       |       |       |       |       |       |    14 ||    14
Dodge: Dodged            |    16 |   118 |    76 |   179 |   259 |   515 |   262 ||  1425

Table legend: (Time is in decaauts)
 A = Elapsed time spent in this place.
 B = Non-inter-level travel time spent in this place.
 C = Inter-level travel time spent in this place.
 D = Time resting spent in this place.
 E = Time spent auto-exploring this place.
 F = Levels seen in this place.
 G = Mean time per level.
                   A        B        C        D        E       F      G
               +--------+--------+--------+--------+--------+-----+--------+
         Total |  52446 |  50222 |   2224 |  26117 |  14237 |  34 | 1542.5 |
       Dungeon |  20806 |  19505 |   1301 |   9196 |   6934 |  15 | 1387.1 |
        Temple |    143 |    135 |      8 |      0 |    111 |   1 |  143.0 |
          Lair |   8303 |   7713 |    590 |   3493 |   2848 |   5 | 1660.6 |
         Swamp |  11413 |  11287 |    126 |   7434 |   1454 |   4 | 2853.2 |
     Snake Pit |   7008 |   6882 |    126 |   3480 |   1871 |   4 | 1752.0 |
  Orcish Mines |   2550 |   2478 |     72 |   1034 |    835 |   2 | 1275.0 |
        Vaults |      1 |      1 |      0 |      0 |      0 |   1 |    1.0 |
      Ice Cave |   1452 |   1452 |      0 |   1032 |     34 |   1 | 1452.0 |
      Gauntlet |    766 |    766 |      0 |    446 |    149 |   1 |  766.0 |
               +--------+--------+--------+--------+--------+-----+--------+

Top non-repeatable levels by time:
 Swamp:4: 3540 daAuts
 Snake:4: 3062 daAuts
 Swamp:3: 2863 daAuts
  Lair:5: 2832 daAuts
 Swamp:1: 2581 daAuts
 Swamp:2: 2429 daAuts
    D:11: 2248 daAuts
    D:13: 1819 daAuts
    D:14: 1709 daAuts
    D:12: 1695 daAuts
     D:8: 1680 daAuts
   Orc:2: 1626 daAuts
 Snake:1: 1615 daAuts
     D:9: 1611 daAuts
    D:15: 1595 daAuts
